[Event "*** Titled Tuesday Blitz"]
[Site "Chess.com"]
[Date "2021.02.02"]
[Round "8"]
[White "Jungle_Jaguar"]
[Black "Lagmantr"]
[Result "0-1"]
[WhiteElo "2612"]
[BlackElo "2769"]
[TimeControl "180+1"]
[EndTime "11:31:09 PST"]
[Termination "Lagmantr won on time"]

1. b3 e5 2. Bb2 Nc6 3. e3 d5 4.
Bb5 Bd6 5. f4 Qe7 6. Nf3 Bg4 7.
fxe5 Bxf3 8. Qxf3 Bxe5 9. Bxe5 Qxe5 10. Bxc6+ bxc6 11. d4 Qe7 12. O-O Nf6 13. Nc3 O-O 14. Rae1 Rae8 15. Qg3 Qb4 16. Na4 Qd6 17. Nc5 Ne4 18.
Qxd6 cxd6 19. Nd7 f5 20. Nxf8 Rxf8 21. Ra1 Nc3 22. Rfe1 Kf7 23. Kf2 Kf6 24. g3 Kg5 25. Kf3 h5 26. h4+ Kf6 27. Rf1 Re8 28. Rf2 c5 29. dxc5 dxc5 30. Rd2 Re5 31. Rd3 Ne4 32. Rad1 Ke6 33. c3 g5 34. hxg5 Nxg5+ 35. Kg2 Nf7 36.
Rh1 c4 37. bxc4 dxc4 38. Rdd1 Rxe3 39. Rhe1 Rxe1 40. Rxe1+ Kd5 41. Rd1+ Kc5 42. Kf3 Nd6 43. Rd4 Nb5 44. Rf4 Nxc3 45. Rxf5+ Kb4 46. Rxh5 Nxa2 47. Ke3 a5 48. g4 Nc3 49. g5 Nd5+ 50. Kd4 Ne7 51.
Rh7 Nf5+ 52. Ke4 Nd6+ 53. Kd5 Nf5 54. Rb7+ Ka3 55. Rc7 Kb3 56. Ke4 Ng3+ 57. Ke5 c3 58. g6 Nh5 59. Kf5 c2 60. Kg5 Ng7 0-1

[Event "*** Titled Tuesday Blitz"]
[Site "Chess.com"]
[Date "2021.02.02"]
[Round "8"]
[White "Naaas1"]
[Black "KaterinaMiroshnik"]
[Result "1/2-1/2"]
[WhiteElo "2759"]
[BlackElo "2618"]
[TimeControl "180+1"]
[EndTime "11:31:09 PST"]
[Termination "Game drawn - insufficient material"]

1. Nf3 e6 2. c4 d5 3. d4 Nf6 4. g3 dxc4 5. Bg2 Bd7 6. Ne5 Bc6 7. Nxc6 Nxc6 8. Qa4 Qd7 9. e3 O-O-O 10. Bxc6 Qxc6 11. Qxc6 bxc6 12. Nd2 c5 13. dxc5 Bxc5 14. Nxc4 Bb4+ 15.
Bd2 Bxd2+ 16. Nxd2 Rd5 17. Ke2 Rhd8 18. Nc4 Ne4 19.
Rac1 Nc5 20. Rc2 Nd3 21. b3 Ne5 22. Nxe5 Rxe5 23. Rhc1 Rd7 24. Rc4 Ra5 25. R1c2 Kb7 26. f4 Rad5 27. g4 f5 28. h3 fxg4 29. hxg4 h5 30.
Kf3 g5 31. Rc5 hxg4+ 32. Kxg4 gxf4 33. Rxd5 Rxd5 34. exf4 a5 35. Re2 Rd6 36. Kg5 Kc8 37. Re5 Ra6 38. Kf6 Kd7 39. Kf7 a4 40. b4 Rd6 41. Re4 Rd2 42. a3 Rf2 43. Rd4+ Kc6 44. Kxe6 Rf3 45. Rc4+ Kb5 46. Rc5+ Kb6 47. f5 Rxa3 48. f6 Re3+ 49. Kd7 Rf3 50. Ke7 a3 51. f7 a2 52. Ra5 Rxf7+ 53. Kxf7 c5 54. Rxa2 cxb4 55.
Ke6 Kc5 56. Ke5 Kc4 57. Ke4 Kc3 58. Rh2 b3 59. Rh3+ Kc2 60. Kd4 b2 61. Rh2+ Kb3 62.
Rh1 Kc2 63. Kc4 b1=Q 64. Rh2+ Kc1 65. Rh1+ Kb2 66. Rxb1+ Kxb1 1/2-1/2

[Event "*** Titled Tuesday Blitz"]
[Site "Chess.com"]
[Date "2021.02.02"]
[Round "8"]
[White "Eloist"]
[Black "mbojan"]
[Result "1/2-1/2"]
[WhiteElo "2383"]
[BlackElo "2653"]
[TimeControl "180+1"]
[EndTime "11:31:09 PST"]
[Termination "Game drawn by repetition"]

1. e4 g6 2. d4 Bg7 3. Nc3 d6 4. Nf3 a6 5. Bc4 b5 6. Bd5 c6 7. Bb3 Nf6 8. e5 dxe5 9. Nxe5 O-O 10. O-O Nfd7 11. Ng4 c5 12. Bd5 Ra7 13. Nh6+ Bxh6 14. Bxh6 Re8 15. dxc5 Nxc5 16. Qd4 e5 17. Qxc5 Rc7 18.
Qe3 Rxc3 19. Bxf7+ Kxf7 20. Qxc3 Bf5 21. Rfe1 Nd7 22. Rad1 Qe7 23. Qc7 Kg8 24. c3 e4 25.
Bf4 Qf7 26. Rd6 a5 27. Bg3 a4 28. Red1 Nf6 29. Qxf7+ Kxf7 30. Rd8 Re6 31. R1d6 e3 32. fxe3 Ne4 33. R6d7+ Re7 34. Rxe7+ Kxe7 35. Rb8 Bd7 36. Rb7 h5 37. Be5 Ke6 38. Bd4 Bc6 39. Rg7 Kf5 40.
h3 Bd5 41. a3 Bc4 42. g4+ hxg4 43. hxg4+ Kxg4 44. Rxg6+ Kf5 45. Rh6 Nd2 46. Kf2 Ke4 47.
Ke1 Kd3 48. Kd1 Bb3+ 49. Kc1 Ne4 50. Rh8 Bc4 51. Rd8 Ke2 52. Bb6 Nf2 53. Rd2+ Kf3 54. Rxf2+ Kxf2 55. e4+ Kf3 56. e5 Ke4 57. Bd4 Kd5 58.
Kd2 Ke6 59. Ke3 Bf1 60. Kf4 Bc4 61. Kg5 Bd5 62. Kf4 Bc4 63. Ke3 Bd5 64. Kf4 Bc4 1/2-1/2

[Event "*** Titled Tuesday Blitz"]
[Site "Chess.com"]
[Date "2021.02.02"]
[Round "8"]
[White "OhanyanEminChess"]
[Black "Sam_ChessMood"]
[Result "1/2-1/2"]
[WhiteElo "2655"]
[BlackElo "2831"]
[TimeControl "180+1"]
[EndTime "11:31:10 PST"]
[Termination "Game drawn by repetition"]

1. e4 e5 2. Nc3 Nf6 3. Bc4 Nxe4 4. Qh5 Nd6 5. Qxe5+ Qe7 6. Qxe7+ Bxe7 7. Bb3 O-O 8. Nge2 Nf5 9. O-O c6 10. Nd1 d5 11. d4 Nd7 12. Ne3 Nf6 13. c3 Bd6 14.
Bc2 Nxe3 15. Bxe3 Re8 16. Rfe1 Bg4 17. Ng3 g6 18. f3 Bd7 19. Kf2 Kg7 20. Bd2 h6 21.
Re2 Rxe2+ 22. Nxe2 Re8 23. Ng3 h5 24. Re1 h4 25. Nf1 Rxe1 26. Bxe1 Nh5 27. g3 Bh3 28. f4 Bxf1 29. Kxf1 hxg3 30. hxg3 f5 31. Ke2 Nf6 32. Kf3 Ne4 33. g4 b5 34. gxf5 gxf5 35. b3 a5 36. Ke3 Kf7 37. Bd3 Ke6 38. c4 b4 39.
cxd5+ cxd5 40. Be2 Be7 41. Bf3 Bf6 42. Be2 Nd6 43.
Bd3 Bd8 44. Bf2 Nc8 45. Kd2 Bf6 46. Ba6 Nd6 47. Ke3 Kd7 48. Be1 Ne4 49. Bb5+ Kd6 50. Be8 Bd8 51. Bh5 Ke6 52. Bf3 Bc7 53. Be2 Nf6 54.
Ba6 Ng4+ 55. Kf3 Bb6 56. Bh4 Kd7 57. Bd3 Ke6 58. Ba6 Kd7 59. Bb5+ Kd6 60. Bd3 Ke6 61. Ba6 1/2-1/2

[Event "*** Titled Tuesday Blitz"]
[Site "Chess.com"]
[Date "2021.02.02"]
[Round "8"]
[White "SHIVACalypso"]
[Black "dukicz123"]
[Result "0-1"]
[WhiteElo "2378"]
[BlackElo "2578"]
[TimeControl "180+1"]
[EndTime "11:31:10 PST"]
[Termination "dukicz123 won on time"]

1. Nf3 Nf6 2. c4 g6 3. g3 Bg7 4. Bg2 O-O 5. O-O d6 6. Nc3 e5 7. d3 Nc6 8. Rb1 a5 9. a3 Nd4 10. b4 axb4 11. axb4 c6 12. b5 Bd7 13. e3 Nxf3+ 14.
Bxf3 Re8 15. Qb3 Qc8 16. bxc6 bxc6 17. Qb7 Rb8 18. Qxc8 Rexc8 19. Ba3 Bf8 20. Kg2 h5 21. h4 Bg4 22. Ne4 Bxf3+ 23. Kxf3 Ne8 24. Nc3 f5 25. Ke2 Kf7 26. d4 exd4 27. exd4 Bg7 28. Kd3 Ke6 29. Ne2 Bh6 30. Rfe1 Kd7 31. Ng1 Nf6 32. f3 f4 33.
Ne2 fxg3 34. Nxg3 Bf4 35. Ne4 Nxe4 36. fxe4 Bg3 37. Rg1 Rxb1 38. Rxb1 Bxh4 39. e5 d5 40. Rb7+ Ke6 41. Rg7 Ra8 42. Bd6 Kf5 43. Rf7+ Ke6 44. Rg7 Kf5 45. cxd5 cxd5 46. Rf7+ Ke6 47. Rg7 Kf5 48. Rf7+ Kg4 49. e6 Re8 50. e7 Bg5 51. Rf8 Rxe7 52. Bxe7 Bxe7 53. Rf7 Bg5 54. Ke2 h4 55.
Rd7 Kg3 56. Rxd5 Bf4 57. Rd7 g5 58. Rh7 g4 59. d5 h3 60. Kd3 Kg2 61. Ke4 Bb8 62. Kf5 g3 0-1

[Event "*** Titled Tuesday Blitz"]
[Site "Chess.com"]
[Date "2021.02.02"]
[Round "8"]
[White "HristosBanikas"]
[Black "Tartody"]
[Result "1/2-1/2"]
[WhiteElo "2815"]
[BlackElo "2652"]
[TimeControl "180+1"]
[EndTime "11:31:12 PST"]
[Termination "Game drawn by repetition"]

1. d4 e6 2. Nf3 d6 3. e4 h6 4. c4 g5 5. Nc3 Bg7 6. Be3 Ne7 7. h4 g4 8. Nd2 h5 9. Nb3 b6 10. Be2 Bb7 11. f3 f5 12. Qd2 c5 13. dxc5 dxc5 14. Qxd8+ Kxd8 15. O-O-O+ Kc8 16. Nb5 Nbc6 17. Nd6+ Kc7 18.
exf5 Nxf5 19. Bf4 Be5 20. Bxe5 Nxe5 21. Nxf5 exf5 22. Rhe1 Rhe8 23. f4 Nc6 24. g3 Re3 25.
Rd3 Rae8 26. Kd2 R3e7 27. a3 Nd4 28. Nxd4 cxd4 29. Rxd4 Bf3 30. Bxf3 Rxe1 31. Bd5 R8e2+ 32. Kc3 Re3+ 33. Kb4 Rxg3 34. Bf7 Re2 35. b3 Rb2 36. c5 Rc2 37. Bc4 Rgc3 38. Rd5 g3 39. Rxf5 bxc5+ 40. Kxc5 Rc1 41. Rf7+ Kd8 42. Rf8+ Ke7 43. Rf7+ Ke8 44. Rg7 Kf8 45. Rg8+ Ke7 46. Kd4 Rf3 47. Ke4 Rcc3 48. Ke5 Rfe3+ 49. Kd4 Rf3 50. Ke5 Rce3+ 51. Kf5 Rf2 52.
Rg7+ Kd6 53. Rg6+ Kc5 54. Rg5 g2 55. Kg6+ Kd4 56. Bd5 Ree2 57. Bc6 Rc2 58. Ba8 Ke3 59. f5 Ke2 60. f6 Kf1 61. Bxg2+ Rxg2 62. Kxh5 Rgf2 63.
Kg6 Rc6 64. Rf5 Rxf5 65. Kxf5 Rc5+ 66. Ke6 Rc3 67. f7 Re3+ 68. Kd6 Rf3 69. Ke7 Re3+ 70. Kf6 Rf3+ 71. Kg7 Rg3+ 72. Kh7 Rf3 73. Kg6 Rg3+ 74. Kf6 Rf3+ 75. Ke6 Re3+ 76. Kd6 Rf3 77. Ke7 Re3+ 78. Kf6 Rf3+ 1/2-1/2

[Event "*** Titled Tuesday Blitz"]
[Site "Chess.com"]
[Date "2021.02.02"]
[Round "8"]
[White "Murad_Ibrahimli"]
[Black "Katheksis"]
[Result "0-1"]
[WhiteElo "2809"]
[BlackElo "2533"]
[TimeControl "180+1"]
[EndTime "11:31:12 PST"]
[Termination "Katheksis won by resignation"]

1. c4 f5 2. Nc3 Nf6 3. g3 g6 4. Bg2 Bg7 5. d4 O-O 6. Nf3 d6 7. O-O Qe8 8. b3 e5 9. dxe5 dxe5 10.
Ba3 Rf7 11. e4 Nc6 12. exf5 Bxf5 13. Nd5 Rd8 14. Ng5 Rfd7 15. Qe1 Nd4 16. Nxf6+ Bxf6 17. Ne4 Bg7 18. Rc1 b6 19. h4 h6 20. Qe3 Qe6 21. c5 Bh3 22. cxb6 axb6 23. Kh2 Bxg2 24. Kxg2 c5 25.
Bb2 Rf7 26. f3 Rdf8 27. Bxd4 exd4 28. Qd3 Qd5 29. Rf2 Be5 30. Nd2 Kg7 31. Re1 Bc7 32.
Re4 h5 33. Kh2 Qd6 34. f4 Re7 35. Rfe2 Rfe8 36. a4 Rxe4 37. Rxe4 Rxe4 38. Qxe4 d3 39. Kg2 Bd8 40. Qb7+ Kh6 41. Qf7 Bf6 42. Qe8 Bc3 43. Ne4 Qd5 44. Kf1 Bg7 45. Ke1 Qd4 46. Kd2 Qb2+ 47.
Kxd3 Qxb3+ 48. Ke2 Qd5 49. Kf3 c4 50. Kg2 c3 51.
Kh2 c2 52. Ng5 c1=Q 53. Nf7+ Qxf7 54. Qxf7 Qc2+ 55. Kh3 Qf5+ 56. Qxf5 gxf5 57. Kg2 Kg6 58. Kf3 Bd4 59. Ke2 Kf6 60. Kd3 Bc5 61. Kc4 Bf2 62.
Kb5 Ke6 63. Kc6 Bxg3 64. Kxb6 Bxf4 65. a5 Be3+ 66. Kb5 f4 67. Kc4 Kf5 68. Kd3 Kg4 69. Ke4 Ba7 70. a6 f3 0-1

[Event "*** Titled Tuesday Blitz"]
[Site "Chess.com"]
[Date "2021.02.02"]
[Round "8"]
[White "vinniethepooh"]
[Black "Isajevsky_Anton"]
[Result "1/2-1/2"]
[WhiteElo "2721"]
[BlackElo "2537"]
[TimeControl "180+1"]
[EndTime "11:31:17 PST"]
[Termination "Game drawn by repetition"]

1. d4 d5 2. c4 e6 3. Nc3 Be7 4. cxd5 exd5 5. Bf4 c6 6. e3 Bd6 7. Bxd6 Qxd6 8. Bd3 Ne7 9. Nge2 Bf5 10. O-O Nd7 11. b4 a6 12. a4 Bxd3 13. Qxd3 O-O 14. Rfb1 b5 15. a5 f5 16. f3 Nf6 17. Ng3 g6 18.
Rb2 Qd7 19. Rd1 Rad8 20. Na2 Nc8 21. Nc1 Nd6 22. Nb3 Nc4 23. Re2 Rde8 24. Nc5 Qc8 25. Rde1 Nd7 26. Nb3 Nf6 27. Nc5 Nd7 28. e4 Nxc5 29.
dxc5 dxe4 30. fxe4 f4 31. Nf1 f3 32. gxf3 Ne5 33.
Qb3+ Qe6 34. Qxe6+ Rxe6 35. Nd2 Nxf3+ 36. Nxf3 Rxf3 37.
Rd1 Rb3 38. Rd4 Re5 39. h4 Kg7 40. Kg2 Kh6 41. Rf2 Kh5 42. Rf4 h6 43. Rf3 Rb1 44.
Kg3 Rg1+ 45. Kf4 Re7 46. Rd6 Rg4+ 47. Ke3 Rexe4+ 48. Kf2 Rxb4 49. Rxc6 Rb2+ 50. Ke3 Rb3+ 51. Ke2 Rxf3 52. Kxf3 Rc4 53. Rxa6 Rxc5 54. Rb6 b4 55. a6 Ra5 56. Rxb4 Rxa6 57. Kg3 Rf6 58. Rb5+ Rf5 59. Rb4 Re5 60. Kf3 Ra5 61. Kg3 Ra3+ 62. Kg2 Re3 63. Kh2 Rf3 64. Kg2 Rf5 65. Kg3 g5 66. hxg5 hxg5 67. Kh3 Rd5 68. Kg3 Rd3+ 69. Kg2 g4 70.
Rb8 Kh4 71. Rh8+ Kg5 72. Rg8+ Kf4 73. Rf8+ Kg5 74. Rg8+ Kf4 75. Rf8+ Kg5 76. Rg8+ 1/2-1/2

[Event "*** Titled Tuesday Blitz"]
[Site "Chess.com"]
[Date "2021.02.02"]
[Round "8"]
[White "chegueps"]
[Black "PerAsperaAdAstraCB"]
[Result "1/2-1/2"]
[WhiteElo "2491"]
[BlackElo "2357"]
[TimeControl "180+1"]
[EndTime "11:31:17 PST"]
[Termination "Game drawn - insufficient material"]

1. e4 c6 2. d4 d5 3. Nc3 dxe4 4. Nxe4 Nf6 5. Nxf6+ exf6 6. c3 Bd6 7. Bd3 O-O 8.
Ne2 Re8 9. O-O Nd7 10. Bf4 Nf8 11. Bxd6 Qxd6 12. Ng3 g6 13. Ne4 Qd8 14. Qf3 Kg7 15. Rfe1 f5 16. Nc5 Ne6 17. Nb3 Nc7 18. Qg3 Be6 19. Nd2 Nd5 20. Nc4 Nf6 21. Nd6 Re7 22. Qe5 Rd7 23. Nc4 Qc7 24. Rad1 Rad8 25. Qxc7 Rxc7 26.
Ne5 c5 27. dxc5 Rxc5 28. f4 a6 29. a3 Nd5 30. g3 Nb6 31. Bb1 Rcd5 32. Rxd5 Rxd5 33.
Kf2 Rd2+ 34. Re2 Rxe2+ 35. Kxe2 Na4 36. Nd3 Bc4 37. Kd2 Bxd3 38. Kxd3 Nxb2+ 39. Kd4 Kf6 40. Kc5 Na4+ 41. Kb4 Nb6 42. Kc5 Nc8 43. Ba2 Ke7 44.
Bd5 b6+ 45. Kc6 f6 46. Kb7 Kd6 47. Bg8 Ne7 48. Bxh7 Kc5 49. Kxa6 b5 50. Ka5 Kc4 51. Kb6 g5 52. fxg5 fxg5 53. h4 f4 54. hxg5 fxg3 55.
Be4 Kxc3 56. Kxb5 Kd4 57. Bg2 Ke5 58. a4 Kf5 59. a5 Kxg5 60. a6 Nc8 61. Bh3 Kf4 62. Bg2 Ke3 63. Kc6 Kf2 64. Bd5 Ke3 65. Kb7 Nd6+ 66. Kc6 Nc8 67. Kc7 Na7 68. Kb7 Nb5 69.
Bc6 Kd4 70. Kb6 Nd6 71. Kc7 Nb5+ 72. Kb6 Nd6 73. Bg2 Ke3 74. a7 Nc8+ 75. Kb7 Nxa7 76. Kxa7 Kf2 77. Bd5 g2 78. Bxg2 1/2-1/2

[Event "*** Titled Tuesday Blitz"]
[Site "Chess.com"]
[Date "2021.02.02"]
[Round "8"]
[White "DinaBelenkaya"]
[Black "rududuyk"]
[Result "1-0"]
[WhiteElo "2392"]
[BlackElo "2162"]
[TimeControl "180+1"]
[EndTime "11:31:18 PST"]
[Termination "DinaBelenkaya won on time"]

1. e4 e6 2. Qe2 c5 3. g3 Nc6 4.
Nf3 g6 5. Bg2 Bg7 6. c3 e5 7.
Na3 Nge7 8. d3 O-O 9. h4 h6 10. Nc4 d6 11. Ne3 Be6 12. h5 g5 13. g4 d5 14. O-O d4 15. Nf5 Nxf5 16. exf5 Bd7 17. Nd2 Qc7 18. Ne4 f6 19. c4 Ne7 20. Bd2 Bc6 21. b4 b6 22. Rfb1 Nc8 23. bxc5 bxc5 24. Rb2 Nd6 25. Ba5 Qd7 26. Nxc5 Qe8 27. Ne6 Bxg2 28. Kxg2 Qc6+ 29. f3 Rfb8 30. Rab1 Rb7 31. Rxb7 Nxb7 32. Qd2 Nc5 33. Nxc5 Qxc5 34. Rb5 Qc6 35. Qb2 Rc8 36. Rb7 Qa6 37. Qb5 Qxb5 38. Rxb5 Bf8 39. Rb7 Bc5 40. Kf2 Bb6 41. Bb4 Bc5 42.
Bxc5 Rxc5 43. Rxa7 Rc8 44. Ra5 Rb8 45. Ke1 Rb2 46.
Ra8+ Kf7 47. Ra7+ Ke8 48. Kd1 Rf2 49. Rh7 Rxf3 50. Rxh6 Rxd3+ 51. Ke2 Re3+ 52. Kd2 Rc3 53. Rxf6 Rxc4 54. Re6+ Kf7 55. Rxe5 Ra4 56. Kd3 Rxa2 57. Re6 Ra3+ 58. Kd2 d3 59. h6 Ra4 60. h7 Kg7 61.
Rh6 Kh8 62. f6 Rxg4 63. Kxd3 Rf4 64. Ke3 Rf5 65. Ke4 Rf2 66. Ke5 Rf3 67. Ke6 g4 68. Kf7 g3 69. Rg6 g2 70. Rxg2 Rxf6+ 71. Kxf6 Kxh7 72. Rg3 1-0

[Event "*** Titled Tuesday Blitz"]
[Site "Chess.com"]
[Date "2021.02.02"]
[Round "8"]
[White "Srisshhhtea"]
[Black "AlexTriapishko"]
[Result "1-0"]
[WhiteElo "2483"]
[BlackElo "2885"]
[TimeControl "180+1"]
[EndTime "11:31:19 PST"]
[Termination "Srisshhhtea won by checkmate"]

1. d4 d5 2. c4 c6 3. Nf3 Nf6 4. e3 Bg4 5. Nbd2 e6 6. Bd3 Nbd7 7. Qc2 Bd6 8. O-O O-O 9. b3 a5 10. h3 Bh5 11. Bb2 a4 12. bxa4 Qa5 13. c5 Bc7 14. Bc3 Qxa4 15. Qxa4 Rxa4 16. Bc2 Ra7 17. a4 Bg6 18. Bxg6 hxg6 19. Ra2 Rfa8 20. Rfa1 Ne4 21. Nxe4 dxe4 22. Nd2 Nf6 23. Nc4 Nd5 24. Bd2 g5 25.
f3 f5 26. fxe4 fxe4 27. a5 Kh7 28. Rb2 Kg6 29. Rab1 Rb8 30. g4 Kf6 31. Kf2 Ke7 32.
Ke2 Kd7 33. Be1 Kc8 34. Bd2 Raa8 35. Rf1 Kd8 36. Rf7 g6 37. Rg7 Ne7 38. Rb1 Kd7 39. Rf1 Rg8 40. Rff7 Rxg7 41. Rxg7 Rg8 42. Rf7 Rh8 43.
Nd6 Rxh3 44. Nxe4 Ke8 45. Nxg5 Rg3 46. Rh7 Rg2+ 47. Kd3 Kd7 48. Ne4 Ke8 49. Nf6+ Kf8 50. Nd7+ Ke8 51. Nf6+ Kf8 52. e4 Rg3+ 53. Kc4 Ng8 54.
Nxg8 Bd8 55. Nh6 Rg2 56. Bf4 Rc2+ 57. Kd3 Ra2 58. Rh8+ Ke7 59. Bg5+ Kd7 60. Rxd8+ Kc7 61. Rd6 Ra3+ 62. Kc4 Rxa5 63. Bd8+ Kb8 64. Bxa5 Ka7 65.
Bb6+ Ka6 66. Nf7 e5 67. Rd8 g5 68. Ra8# 1-0

[Event "*** Titled Tuesday Blitz"]
[Site "Chess.com"]
[Date "2021.02.02"]
[Round "8"]
[White "Chimpinha"]
[Black "boasovietica"]
[Result "1/2-1/2"]
[WhiteElo "2399"]
[BlackElo "2504"]
[TimeControl "180+1"]
[EndTime "11:31:19 PST"]
[Termination "Game drawn by repetition"]

1. d4 Nf6 2. c4 g6 3. Nc3 Bg7 4. e4 O-O 5. Nf3 d6 6. Be2 Bg4 7. O-O Nfd7 8. Be3 c5 9. d5 Na6 10. Nd2 Bxe2 11. Qxe2 Nc7 12. f4 a6 13. a4 Rb8 14. Qd3 Nf6 15. e5 Ng4 16. Nf3 Nxe3 17. Qxe3 b5 18. axb5 axb5 19. b3 bxc4 20. bxc4 Rb3 21.
Nd2 Rb4 22. Rfb1 e6 23. dxe6 Nxe6 24. Rxb4 cxb4 25. Nd5 dxe5 26. fxe5 Qb8 27. Nf3 b3 28. Rb1 b2 29. Qc3 Qa7+ 30. Kh1 Rb8 31. h3 Qa2 32.
Qc2 Nc5 33. Nc3 Qb3 34. Qxb3 Rxb3 35. Nd1 Na4 36. Nd2 Rd3 37. Nf3 Rxd1+ 38. Rxd1 Nc3 39. Rd8+ Bf8 40. Nd2 b1=Q+ 41. Nxb1 Nxb1 42. c5 Nc3 43. c6 Nb5 44. Rb8 Nc7 45. Rb7 Ne6 46. c7 Nxc7 47.
Rxc7 Bb4 48. g4 h6 49. Kg2 Bd2 50. Kf3 Bg5 51. Ke4 Bh4 52. Kd5 Kf8 53. e6 fxe6+ 54.
Kxe6 Kg8 55. Rc8+ Kg7 56. Rc7+ Kg8 57. Rc6 Bg5 58. Rc8+ Kg7 59. Rc7+ Kg8 60. Rc4 Bh4 61. Rc6 Kg7 62. Ke5 Bg5 63. Rc7+ Kg8 64. Ke6 Bh4 1/2-1/2

[Event "*** Titled Tuesday Blitz"]
[Site "Chess.com"]
[Date "2021.02.02"]
[Round "8"]
[White "MrChampion_Coach"]
[Black "DFeco"]
[Result "0-1"]
[WhiteElo "2395"]
[BlackElo "2253"]
[TimeControl "180+1"]
[EndTime "11:31:19 PST"]
[Termination "DFeco won on time"]

1. e4 e5 2. Nf3 Nc6 3. Bb5 g6 4. d4 exd4 5. c3 d3 6. Bg5 Be7 7. h4 f6 8. Bf4 a6 9. Bc4 d6 10.
Qxd3 Ne5 11. Nxe5 dxe5 12. Qxd8+ Bxd8 13. Be3 Ne7 14. h5 g5 15. Nd2 Nc6 16. Bd5 Bd7 17. O-O-O Be7 18. Nf1 O-O-O 19. Ng3 h6 20. Bf7 Rhf8 21.
Bg6 Be6 22. Bf5 Bxf5 23. Nxf5 Rh8 24. Rxd8+ Kxd8 25. b4 Bf8 26. Rd1+ Ke8 27. a4 Rh7 28. Kc2 Ne7 29. Ng3 Rf7 30. Bc5 b6 31. Bxe7 Rxe7 32.
a5 Rd7 33. Rxd7 Kxd7 34. axb6 cxb6 35. Kb3 b5 36. c4 Kc6 37. Nf5 Kd7 38. f3 Kc6 39.
Ne3 Be7 40. Ng4 Bf8 41. Nxf6 Bg7 42. Nd5 Kd6 43. c5+ Kc6 44. Ne7+ Kc7 45. g3 Bf8 46.
Nf5 Kc6 47. Ne3 Kc7 48. Nd5+ Kc6 49. Kc3 Bg7 50. Ne3 Bf8 51. Nf5 Kc7 52. Kd3 Kc6 53. Ke3 a5 54. bxa5 Bxc5+ 55. Kd3 Bf8 56. Kc3 Kb7 57.
Ne3 Ka6 58. Ng4 Bg7 59. Kb4 Bf8+ 60. Kb3 Bg7 61. Ne3 Kxa5 62. Nd5 Ka6 63. Ne7 Kb6 64. Nf5 Bf8 0-1

[Event "*** Titled Tuesday Blitz"]
[Site "Chess.com"]
[Date "2021.02.02"]
[Round "8"]
[White "Witik"]
[Black "LawrenceTrent"]
[Result "1-0"]
[WhiteElo "2769"]
[BlackElo "2579"]
[TimeControl "180+1"]
[EndTime "11:31:22 PST"]
[Termination "Witik won on time"]

1. e4 c5 2. Nf3 Nc6 3. Bb5 g6 4. O-O Bg7 5. Nc3 e5 6. a3 Nge7 7. b4 d6 8. Nd5 O-O 9. Bc4 Be6 10.
c3 Rc8 11. Ba2 a6 12. Ng5 Bxd5 13. exd5 Nb8 14. Rb1 c4 15. d3 Nxd5 16. Ne4 Nb6 17. dxc4 Nxc4 18. Bxc4 Rxc4 19. Nxd6 Rc7 20. c4 Nc6 21. c5 Rd7 22. Be3 b6 23. Qd5 Nd4 24.
Bxd4 exd4 25. Rfe1 bxc5 26. bxc5 Qc7 27. h4 Rfd8 28.
Rb6 Bf8 29. Qxd4 Qa7 30. Rd1 Qa8 31. h5 Bg7 32. Qc4 gxh5 33. Rxa6 Qb8 34. Rb6 Qa8 35. a4 Ra7 36. c6 Rc7 37. Rd3 h4 38. Nb5 Rxd3 39. Qxd3 Rxc6 40. Rxc6 Qxc6 41. Qd8+ Bf8 42. Qxh4 h6 43. Qg4+ Kh8 44. g3 Bg7 45. Qf4 Qc2 46.
Qxf7 Qxa4 47. Qe8+ Kh7 48. Qe2 Qb4 49. Qd3+ Kh8 50.
Nd6 Qe1+ 51. Kg2 Qe7 52. Qg6 Qd7 53. Nf7+ Kg8 54. Nxh6+ Kf8 55. Nf5 Qd5+ 56. f3 Qd2+ 57. Kh3 Be5 58. Qe6 Qe1 59. Qe7+ Kg8 60. Kg4 Qe2 61. Qe6+ Kf8 62. Qe7+ Kg8 63. Kg5 Qe1 64. f4 Bf6+ 65. Kxf6 Qc3+ 66. Kg5 Qxg3+ 67. Nxg3 1-0

[Event "*** Titled Tuesday Blitz"]
[Site "Chess.com"]
[Date "2021.02.02"]
[Round "8"]
[White "Papullon"]
[Black "tylityli"]
[Result "1/2-1/2"]
[WhiteElo "2134"]
[BlackElo "2303"]
[TimeControl "180+1"]
[EndTime "11:31:22 PST"]
[Termination "Game drawn - timeout vs insufficient material"]

1. d4 Nf6 2. Bg5 Ne4 3. Bh4 d5 4. f3 g5 5. fxe4 gxh4 6. exd5 Qxd5 7. Nc3 Qh5 8. e4 Qxd1+ 9. Rxd1 Bg4 10. Be2 Bxe2 11.
Ngxe2 Nc6 12. Nb5 O-O-O 13. d5 Nb4 14. c3 Na6 15. Nxa7+ Kb8 16. Nb5 Rg8 17. O-O f6 18.
b4 Bh6 19. Nf4 c6 20. Nd4 Bxf4 21. Rxf4 cxd5 22. exd5 Rxd5 23. c4 Rdg5 24. Rf2 Nxb4 25. Ne6 Re5 26. Nf4 Rc8 27. a3 Na6 28. Nd5 Rxc4 29.
Nb6 Rce4 30. Nd7+ Kc7 31. Rc2+ Nc5 32. Rxc5+ Rxc5 33. Nxc5 Rc4 34. Nd3 Ra4 35. Rc1+ Kd6 36. Rc3 b5 37. h3 e5 38. Kf2 Kd5 39. Nb4+ Ke4 40. Ke2 f5 41. Kd2 f4 42. Kc2 Ra8 43.
Nd3 Rg8 44. Nf2+ Kf5 45. Ng4 h5 46. Nh6+ Ke4 47. Nxg8 Kd4 48. Nf6 e4 49. Nxe4 Kxe4 50. Kd2 Kd4 51. Rc8 Ke4 52. Ke2 Kd4 53. Kf2 Ke4 54. Rc5 Kd4 55. Rxb5 Kc4 56. Rxh5 Kb3 57. Kf3 Kxa3 58. Kxf4 Kb4 59. Rxh4 Kc4 60. Rh5 Kd4 61. Rg5 Kd3 62. h4 Ke2 63. h5 Kf2 64. h6 Ke2 65. h7 Kd3 66. h8=Q Ke2 67. Qe5+ Kf1 68. Rg8 Kg1 69.
Ra8 Kh2 70. Ra2 Kh1 71. Qe1+ Kh2 72. Qh4+ Kg1 1/2-1/2

[Event "*** Titled Tuesday Blitz"]
[Site "Chess.com"]
[Date "2021.02.02"]
[Round "8"]
[White "Reader777"]
[Black "Jospem"]
[Result "1-0"]
[WhiteElo "2822"]
[BlackElo "3020"]
[TimeControl "180+1"]
[EndTime "11:31:30 PST"]
[Termination "Reader777 won by resignation"]

1. d4 Nf6 2. c4 e6 3. Nf3 Bb4+ 4. Bd2 Qe7 5. g3 Bxd2+ 6. Qxd2 Nc6 7. Bg2 d5 8. O-O O-O 9. Nc3 dxc4 10. Rac1 Rd8 11. Rfd1 e5 12. d5 Nb4 13. a3 Na6 14. Qg5 Re8 15. Nd2 h6 16. Qh4 Bg4 17. h3 Bf5 18.
Qxc4 e4 19. Nf1 Bg6 20. Ne3 Rec8 21. b4 Rd8 22. Rd4 Re8 23. Nb5 Rec8 24. Kh2 c6 25.
d6 Qd7 26. Nc3 b5 27. Qa2 c5 28. bxc5 Nxc5 29. Ned5 Nxd5 30. Qxd5 Ne6 31. Rdd1 e3 32.
fxe3 Rab8 33. Ne4 Rd8 34. Nc5 Nxc5 35. Rxc5 Qe8 36. e4 a5 37. e5 b4 38. axb4 axb4 39.
Qb3 Kh7 40. Rd4 Qd7 41. Rxb4 Rxb4 42. Qxb4 Qe6 43. Qd4 f6 44. exf6 Rxd6 45. Qf4 Qxf6 46. Qxf6 Rxf6 47. e4 Re6 48. e5 h5 49. g4 hxg4 50.
hxg4 Bd3 51. Kg3 g5 52. Bd5 Re7 53. e6 Kg7 54. Kf3 Kf6 55. Ke3 Ba6 56. Kd4 Be2 57.
Rc1 Bxg4 58. Rf1+ Kg6 59. Ke5 Re8 60. Kd6 Rd8+ 61. Ke5 Re8 62. Rf6+ Kh5 63. Rf7 Kh4 64.
Kf6 Bh5 65. Rh7 g4 66. e7 g3 67. Bf7 g2 68. Rxh5+ Kg4 69. Rg5+ Kf3 70. Bxe8 1-0

[Event "*** Titled Tuesday Blitz"]
[Site "Chess.com"]
[Date "2021.02.02"]
[Round "8"]
[White "LucaBrasi1968"]
[Black "Sergienko_Sergey"]
[Result "1-0"]
[WhiteElo "2514"]
[BlackElo "2384"]
[TimeControl "180+1"]
[EndTime "11:31:31 PST"]
[Termination "LucaBrasi1968 won by resignation"]

1. e4 c5 2. c3 d5 3. exd5 Qxd5 4. d4 Nf6 5. Nf3 Bg4 6. Be2 e6 7. Be3 cxd4 8. cxd4 Be7 9. Nc3 Qd6 10. Qb3 Nc6 11. h3 Bh5 12. O-O O-O 13. Rfd1 Rfd8 14. Rac1 Qb4 15.
Qxb4 Nxb4 16. g4 Bg6 17. Ne5 Nbd5 18. Nxg6 hxg6 19. Bf3 Nxe3 20. fxe3 Rd7 21. Kf2 Rad8 22. Ke2 g5 23. a3 g6 24. b4 Kg7 25. Na4 b6 26. Bc6 Rc7 27. Bf3 Rdc8 28. Kd2 Ne8 29. Be2 Nd6 30. Bd3 f5 31. Rxc7 Rxc7 32. Rc1 Rxc1 33.
Kxc1 Kf6 34. Kd2 Bd8 35. Nc3 Bc7 36. a4 Kf7 37. e4 fxe4 38. Bxe4 Kf6 39. Bd3 Bd8 40.
Ke3 Be7 41. b5 Ne8 42. Ne4+ Kf7 43. Bc4 Nc7 44. Nc3 Bd6 45. Ke4 Bf4 46. d5 exd5+ 47.
Bxd5+ Ke7 48. Bc6 Kd6 49. Ne2 Kc5 50. h4 Bd2 51. h5 gxh5 52. gxh5 g4 53. Kf5 Nd5 54.
Kxg4 Nf6+ 55. Kh4 Nxh5 56. Kxh5 Kb4 57. Kg4 Kxa4 58. Kf5 Ka5 59. Ke4 a6 60. Kd3 Bb4 61. Nd4 axb5 62. Nxb5 Bc5 63. Kc4 Ka4 64. Bd7 Ka5 65.
Bf5 Ka4 66. Bc2+ Ka5 67. Bb3 Bb4 68. Nd4 Bf8 69. Nc6+ Ka6 70. Ba4 b5+ 71. Bxb5+ Kb6 72. Nd4 Bh6 73. Nf5 Ka5 74. Nxh6 1-0